 Dungeon Crawl Stone Soup version 0.22.0 (webtiles) character file.

125 BigChef the Insei (level 5, -1/33 HPs)
             Began as an Octopode Transmuter on Aug 16, 2018.
             Slain by an orc wizard
             ... wielding a +1 dagger of draining
              (2 damage)
             ... on level 3 of the Dungeon.
             The game lasted 00:08:02 (2329 turns).

BigChef the Insei (Octopode Transmuter)             Turns: 2329, Time: 00:08:04

Health: -1/33      AC:  1    Str:  8 (9)  XL:     5   Next: 9%
Magic:  4/9        EV: 12    Int: 14 (16) God:    Xom [..*...]
Gold:   168        SH:  5    Dex: 11 (13) Spells: 6/9 levels left

rFire    + . .     SeeInvis .     - Unarmed
rCold    . . .     Gourm    .   (no shield)
rNeg     . . .     Faith    .   (helmet restricted)
rPois    .         Spirit   .   h - +5 amulet of reflection
rElec    .         Reflect  +   e - ring of protection from fire
rCorr    .         Harm     .   (no ring)
MR       .....                  (no ring)
Stlth    ++........             (no ring)
HPRegen  0.11/turn              (no ring)
MPRegen  0.11/turn              (no ring)
                                (no ring)
                                (no ring)

@: appendage (expiring), heavily drained
A: almost no armour, stealthy swim, amphibious, 8 rings, constrict 8, tentacle
spike 3, camouflage 1, gelatinous body 1
a: End Transformation, Renounce Religion


You were on level 3 of the Dungeon.
You worshipped Xom.
You were a toy of Xom.
You were hungry.
One of your tentacles had a temporary spike.
You visited 1 branch of the dungeon, and saw 3 of its levels.

You collected 168 gold pieces.

Inventory:

Missiles
 a - an arrow
Jewellery
 e - a ring of protection from fire (left tentacle)
 h - a +5 amulet of reflection (around mantle)
Scrolls
 d - a scroll of magic mapping {unknown}
 g - a scroll of teleportation
 i - a scroll of remove curse
 j - a scroll of random uselessness {unknown}
 k - a scroll of fear {unknown}
 m - a scroll of blinking {unknown}
 o - a scroll of identify
Potions
 b - a potion of agility
 l - a potion of magic {unknown}
 p - a potion of resistance {unknown}
Comestibles
 c - 6 rations


   Skills:
 + Level 1.0(0.0) Fighting
 * Level 2.6(0.4) Dodging
 + Level 1.2(0.0) Stealth
 + Level 4.1(1.8) Unarmed Combat
 + Level 2.8(0.7) Spellcasting
 + Level 2.8(0.6) Transmutations


You had 6 spell levels left.
You knew the following spells:

 Your Spells              Type           Power        Failure   Level  Hunger
a - Beastly Appendage     Tmut           #.....       22%         1    ##.....
b - Sticks to Snakes      Tmut           #.......     32%         2    ###....

Your spell library contained the following spells:

 Spells                   Type           Power        Failure   Level  Hunger
 Spider Form              Tmut/Pois      #.........   58%         3    ####...
 Blade Hands              Tmut           #.........   99%         5    ######.
 Ice Form                 Ice/Tmut       #.......     94%         4    #####..


Dungeon Overview and Level Annotations

Branches:
Dungeon (3/15)

Altars:
Gozag
Kikubaaqudgha
Okawaru
Xom


Innate Abilities, Weirdness & Mutations

You cannot wear most types of armour.
You are very stealthy in the water. (Stealth+)
You are amphibious.
You can wear up to eight rings at the same time.
You can use your tentacles to constrict eight enemies at once.
Your skin changes colour to match your surroundings (Stealth+).
Your rubbery body absorbs attacks. (AC +1, EV +1)
One of your tentacles bears a large vicious spike.


Message History

You barely miss the quokka. You grab the quokka.
The quokka is heavily wounded.
You constrict the quokka. You block the quokka's attack.
You tentacle-slap the quokka.
You kill the quokka!
You tentacle-slap something.
You pierce something.
Your squeeze misses something.
You hear some strange, mumbled words.
A puff of flame appears from out of thin air!
The puff of flame hits you! You resist. Something hits you.
* * * LOW HITPOINT WARNING * * *
You feel drained.
* * * LOW HITPOINT WARNING * * *
Casting: Beastly Appendage (safe; 19% risk of failure)
Confirm with . or Enter, or press ? or * to list all spells.
You create a snake!
You now have 1 arrow.
Something hits you.
* * * LOW HITPOINT WARNING * * *
You feel drained.
You die... "What!?
That's it?"

#####.####..###..##
#.#############
#..........##.#
#####.####.##.# #.#
#.##.# #.####.##.#
#.........#
######S####
#.#####.).#@#
........#...#
.####.)..#.#
#.#.#...#
#.#..b...#
#.#....b....
#.####.###.# #. #.#
.# #) .# #


You could see a friendly ball python.

Vanquished Creatures
  Terence (D:2)
  3 gnolls (D:2)
  An adder (D:2)
  2 oozes
  A worm (D:3)
  A leopard gecko (D:2)
  2 ball pythons
  A giant cockroach (D:1)
  9 goblins
  8 hobgoblins
  3 jackals (D:1)
  6 kobolds
  2 quokkas
  A bat (D:3)
  3 frilled lizards
  4 rats
48 creatures vanquished.

Vanquished Creatures (collateral kills)
  2 orcs (D:3)
2 creatures vanquished.

Grand Total: 50 creatures vanquished

Notes
Turn   | Place    | Note
-------+----------+-------------------------------------------
     0 | D:1      | BigChef the Octopode Transmuter began the quest for the Orb.
     0 | D:1      | Reached XP level 1. HP: 13/13 MP: 3/3
   279 | D:1      | Reached XP level 2. HP: 18/18 MP: 3/5
   757 | D:2      | Reached XP level 3. HP: 23/23 MP: 6/6
   958 | D:2      | Reached XP level 4. HP: 11/28 MP: 7/7
  1406 | D:2      | Reached skill level 4 in Unarmed Combat
  1408 | D:2      | Noticed Terence
  1420 | D:2      | Killed Terence
  1420 | D:2      | Reached skill level 1 in Stealth
  1921 | D:3      | Reached XP level 5. HP: 33/33 MP: 7/9
  1925 | D:3      | Learned a level 2 spell: Sticks to Snakes
  1989 | D:3      | Found a shimmering altar of Xom.
  2057 | D:3      | Found an ancient bone altar of Kikubaaqudgha.
  2092 | D:3      | Became a worshipper of Xom of Chaos
  2171 | D:3      | Found an opulent altar of Gozag.
  2254 | D:3      | Found an iron altar of Okawaru.
  2301 | D:3      | XOM: silly message
  2317 | D:3      | XOM: butterfly on damage
  2329 | D:3      | HP: 1/33 [something (4)]
  2329 | D:3      | Slain by an orc wizard

Skill      XL: |  1  2  3  4 |
---------------+-------------+-----
Unarmed Combat | 4 |  4.1
Stealth        | 1 |  1.2
Fighting       | |  1.0
Dodging        | |  2.6
Spellcasting   | |  2.8
Transmutations | |  2.8

Action                   |  1- 3 |  4- 6 || total
-------------------------+-------+-------++-------
Melee: Unarmed           |    53 |    62 ||   115
       Constrict         |    10 |    16 ||    26
       Tentacles         |     9 |     7 ||    16
       Kick              |     8 |    12 ||    20
       Punch             |     2 |     1 ||     3
 Cast: Beastly Appendage |    14 |    20 ||    34
       Sticks to Snakes  |       |    11 ||    11
  Use: Scroll            |     4 |       ||     4
       Potion            |     1 |     5 ||     6
 Stab: Sleeping          |     2 |     7 ||     9
       Distracted        |       |     1 ||     1
  Eat: Chunk             |       |     5 ||     5
Armor: Skin              |     2 |     3 ||     5
Dodge: Dodged            |    20 |    39 ||    59
Block: Other             |    10 |    10 ||    20
